General information
- name: BNet
- type: Ladder team game (AT/RT)
- host: Battle.net
- saver: dogsandhorse.ru
map: Dragonblight
- players: 6
- length: 26:58
- speed: Fast
- version: 1.26 W3XP
- replay type:

» download(203 KB)
Players
team 1 (loser)
argo680 (
red | 63 APM | 1700 actions | 26:52)
4 Tauren Chieftain
1 Shockwave
2 Endurance Aura
1 War Stomp
2 Shadow Hunter
1 Healing Wave
1 Hex
» actions
| Assign group hotkey | 48 | |
| Basic commands | 227 | |
| Build / train | 58 | |
| ESC pressed | 2 | |
| Enter build submenu | 24 | |
| Enter hero's abilities submenu | 6 | |
| Remove unit from queue | 1 | |
| Right click | 404 | |
| Select / deselect | 254 | |
| Select group hotkey | 603 | |
| Use ability | 72 | |
1700 total
» units
| Peon | 8 | |
| Troll Headhunter/Berserker | 9 | |
| Troll Batrider | 7 | |
| Demolisher | 5 | |
29 total
» upgrades
| Ranged Weapons | 3 | |
| Armor | 3 | |
| Liquid Fire | 1 | |
| Burning Oil | 1 | |
| Melee Weapons | 1 | |
| Reinforced Defenses | 1 | |
10 total
» buildings
| Orc Burrow | 7 | |
| Altar of Storms | 2 | |
| Barracks | 1 | |
| War Mill | 1 | |
| Voodoo Lounge | 2 | |
| Watch Tower | 5 | |
| Stronghold | 1 | |
| Beastiary | 2 | |
| Fortress | 1 | |
| Great Hall | 1 | |
23 total
» build order
00:07 Orc Burrow
00:24 Altar of Storms
00:35 Barracks
01:24 War Mill
01:47 Orc Burrow
02:01 Voodoo Lounge
02:59 Orc Burrow
04:09 Watch Tower
06:10 Stronghold
07:54 Orc Burrow
08:35 Beastiary
08:40 Beastiary
09:29 Fortress
10:29 Orc Burrow
11:06 Orc Burrow
11:23 Watch Tower
12:18 Watch Tower
13:09 Watch Tower
14:26 Watch Tower
20:46 Voodoo Lounge
20:57 Orc Burrow
23:09 Altar of Storms
23:22 Great Hall
» items
| Scroll of Speed | 1 | |
| Healing Salve | 2 | |
| Lesser Clarity Potion | 3 | |
| Scroll of Town Portal | 1 | |
| Potion of Mana | 1 | |
8 total

»
Spooks (
purple | 81 APM | 2182 actions | 26:49)
2 Demon Hunter
1 Mana Burn
1 Evasion
2 Priestess of the Moon
1 Trueshot Aura
1 Scout
» actions
| Assign group hotkey | 24 | |
| Basic commands | 77 | |
| Build / train | 102 | |
| ESC pressed | 3 | |
| Enter build submenu | 22 | |
| Enter hero's abilities submenu | 4 | |
| Remove unit from queue | 2 | |
| Right click | 1299 | |
| Select / deselect | 345 | |
| Select group hotkey | 190 | |
| Use ability | 114 | |
2182 total
» units
| Wisp | 30 | |
| Archer | 13 | |
| Frost Revenant | 3 | |
| Nerubian Webspinner | 1 | |
| Druid of the Talon | 14 | |
| Chimaera | 3 | |
| Blue Drake | 1 | |
| Glaive Thrower | 5 | |
70 total
» upgrades
| Druid of the Talon Training | 2 | |
| Corrosive Breath | 1 | |
| Improved Bows | 1 | |
| Vorpal Blades | 1 | |
5 total
» buildings
| Altar of Elders | 1 | |
| Moon Well | 6 | |
| Tree of Ages | 3 | |
| Ancient of War | 1 | |
| Hunter's Hall | 1 | |
| Tree of Eternity | 5 | |
| Ancient of Wind | 1 | |
| Ancient Protector | 8 | |
| Chimaera Roost | 1 | |
| Tree of Life | 2 | |
29 total
» build order
00:09 Altar of Elders
00:19 Moon Well
02:01 Moon Well
02:19 Tree of Ages
02:19 Tree of Ages
02:36 Moon Well
04:21 Ancient of War
04:45 Hunter's Hall
05:53 Tree of Eternity
05:53 Tree of Eternity
05:54 Tree of Eternity
06:45 Ancient of Wind
07:26 Ancient Protector
08:34 Chimaera Roost
09:45 Moon Well
09:47 Moon Well
09:48 Moon Well
11:23 Ancient Protector
11:37 Ancient Protector
11:39 Ancient Protector
12:16 Ancient Protector
15:31 Tree of Life
16:47 Tree of Life
20:39 Ancient Protector
20:40 Ancient Protector
20:41 Ancient Protector
» items
| Boots of Speed | 1 | |
| Potion of Lesser Invulnerability | 1 | |
2 total

»
Twats (
green | 66 APM | 1783 actions | 26:56)
4 Blademaster
2 Wind Walk
2 Critical Strike
1 Shadow Hunter
1 Healing Wave
» actions
| Assign group hotkey | 26 | |
| Basic commands | 55 | |
| Build / train | 66 | |
| ESC pressed | 5 | |
| Enter build submenu | 35 | |
| Enter hero's abilities submenu | 5 | |
| Give item / drop item | 2 | |
| Remove unit from queue | 3 | |
| Right click | 973 | |
| Select / deselect | 277 | |
| Select group hotkey | 276 | |
| Use ability | 60 | |
1783 total
» units
| Peon | 11 | |
| Grunt | 6 | |
| Shaman | 7 | |
| Tauren | 5 | |
29 total
» upgrades
| Berserker Strength | 1 | |
| Melee Weapons | 3 | |
| Shaman Training | 2 | |
| Armor | 3 | |
| Pulverize | 1 | |
| Reinforced Defenses | 1 | |
| Spiked Barricades | 1 | |
12 total
» buildings
| Altar of Storms | 1 | |
| Orc Burrow | 8 | |
| Barracks | 1 | |
| Voodoo Lounge | 1 | |
| Stronghold | 5 | |
| War Mill | 1 | |
| Fortress | 1 | |
| Spirit Lodge | 1 | |
| Tauren Totem | 2 | |
| Watch Tower | 14 | |
| Great Hall | 4 | |
39 total
» build order
00:12 Altar of Storms
00:20 Orc Burrow
00:35 Barracks
01:40 Orc Burrow
01:54 Voodoo Lounge
03:00 Stronghold
03:00 Stronghold
03:00 Stronghold
04:14 War Mill
04:32 Orc Burrow
05:33 Fortress
05:38 Spirit Lodge
07:05 Orc Burrow
07:09 Orc Burrow
08:25 Tauren Totem
08:30 Tauren Totem
11:27 Watch Tower
11:31 Watch Tower
11:33 Watch Tower
12:06 Great Hall
13:09 Orc Burrow
13:12 Orc Burrow
14:00 Great Hall
15:22 Watch Tower
15:26 Watch Tower
15:28 Watch Tower
15:29 Watch Tower
16:57 Great Hall
17:28 Watch Tower
17:32 Watch Tower
17:33 Watch Tower
17:34 Watch Tower
20:08 Great Hall
21:33 Orc Burrow
22:33 Watch Tower
22:36 Watch Tower
22:37 Watch Tower
» items
| Boots of Speed | 1 | |
| Healing Salve | 1 | |
| Scroll of Town Portal | 1 | |
| Staff of Teleportation | 1 | |
4 total
team 2 (winner)
backintheUSSR (
teal | 97 APM | 2615 actions | 26:57)
6 Blademaster
3 Wind Walk
2 Critical Strike
1 Bladestorm
» actions
| Assign group hotkey | 16 | |
| Basic commands | 7 | |
| Build / train | 59 | |
| ESC pressed | 3 | |
| Enter build submenu | 95 | |
| Enter hero's abilities submenu | 6 | |
| Give item / drop item | 5 | |
| Right click | 1647 | |
| Select / deselect | 181 | |
| Select group hotkey | 421 | |
| Use ability | 175 | |
2615 total
» units
» upgrades
| Spiked Barricades | 1 | |
| Liquid Fire | 1 | |
| Ranged Weapons | 2 | |
| Armor | 1 | |
5 total
» buildings
| Altar of Storms | 1 | |
| War Mill | 1 | |
| Orc Burrow | 4 | |
| Watch Tower | 84 | |
| Voodoo Lounge | 3 | |
| Stronghold | 2 | |
| Fortress | 1 | |
| Beastiary | 2 | |
| Great Hall | 1 | |
99 total
» build order
00:04 Altar of Storms
00:11 War Mill
00:17 Orc Burrow
01:39 Watch Tower
02:03 Watch Tower
02:43 Orc Burrow
02:47 Watch Tower
03:11 Watch Tower
03:31 Voodoo Lounge
04:00 Watch Tower
04:02 Stronghold
04:03 Stronghold
04:40 Watch Tower
05:08 Watch Tower
05:36 Voodoo Lounge
05:44 Watch Tower
05:45 Watch Tower
05:46 Watch Tower
06:15 Watch Tower
06:53 Watch Tower
07:24 Watch Tower
07:26 Watch Tower
08:24 Fortress
08:26 Beastiary
08:28 Beastiary
08:33 Watch Tower
08:34 Watch Tower
08:35 Watch Tower
08:36 Watch Tower
09:52 Great Hall
09:54 Watch Tower
09:55 Watch Tower
09:56 Watch Tower
09:56 Watch Tower
10:05 Watch Tower
10:58 Watch Tower
10:59 Watch Tower
11:01 Watch Tower
11:02 Watch Tower
11:43 Orc Burrow
11:43 Orc Burrow
12:18 Watch Tower
12:18 Watch Tower
12:20 Watch Tower
12:26 Watch Tower
13:22 Watch Tower
13:24 Watch Tower
13:29 Watch Tower
13:35 Voodoo Lounge
13:38 Watch Tower
14:31 Watch Tower
14:31 Watch Tower
14:33 Watch Tower
14:33 Watch Tower
14:55 Watch Tower
14:55 Watch Tower
14:59 Watch Tower
15:06 Watch Tower
15:41 Watch Tower
16:00 Watch Tower
16:00 Watch Tower
16:04 Watch Tower
16:10 Watch Tower
17:14 Watch Tower
17:15 Watch Tower
17:19 Watch Tower
18:15 Watch Tower
18:23 Watch Tower
18:24 Watch Tower
18:29 Watch Tower
19:19 Watch Tower
19:26 Watch Tower
19:50 Watch Tower
20:17 Watch Tower
20:19 Watch Tower
20:22 Watch Tower
20:34 Watch Tower
21:14 Watch Tower
21:23 Watch Tower
21:25 Watch Tower
21:42 Watch Tower
21:44 Watch Tower
22:19 Watch Tower
22:34 Watch Tower
22:35 Watch Tower
22:37 Watch Tower
22:39 Watch Tower
23:05 Watch Tower
23:08 Watch Tower
23:24 Watch Tower
23:53 Watch Tower
23:55 Watch Tower
24:12 Watch Tower
25:11 Watch Tower
25:12 Watch Tower
25:13 Watch Tower
25:15 Watch Tower
25:25 Watch Tower
25:26 Watch Tower
» items
| Boots of Speed | 1 | |
| Healing Salve | 3 | |
| Lesser Clarity Potion | 3 | |
| Staff of Teleportation | 1 | |
| Orb of Lightning | 1 | |
| Circlet of Nobility | 2 | |
11 total
BandyWarhols (
pink | 105 APM | 2843 actions | 26:57)
3 Archmage
2 Blizzard
1 Brilliance Aura
3 Blood Mage
2 Flame Strike
1 Banish
3 Pandaren Brewmaster
2 Breath of Fire
1 Drunken Haze
» actions
| Assign group hotkey | 206 | |
| Basic commands | 33 | |
| Build / train | 149 | |
| ESC pressed | 11 | |
| Enter build submenu | 92 | |
| Enter hero's abilities submenu | 9 | |
| Remove unit from queue | 1 | |
| Right click | 1210 | |
| Select / deselect | 526 | |
| Select group hotkey | 410 | |
| Use ability | 196 | |
2843 total
» units
| Peasant | 21 | |
| Dragonhawk Rider | 6 | |
| Gryphon Rider | 1 | |
28 total
» upgrades
| Masonry | 3 | |
| Lumber Harvesting | 1 | |
| Magic Sentry | 1 | |
| Animal War Training | 1 | |
| Armor | 2 | |
| Cloud | 1 | |
9 total
» buildings
| Farm | 7 | |
| Altar of Kings | 1 | |
| Lumber Mill | 1 | |
| Scout Tower | 79 | |
| Arcane Tower | 3 | |
| Guard Tower | 78 | |
| Keep | 2 | |
| Arcane Vault | 2 | |
| Castle | 2 | |
| Arcane Sanctum | 1 | |
| Gryphon Aviary | 2 | |
| Barracks | 1 | |
| Blacksmith | 1 | |
| Town Hall | 1 | |
181 total
» build order
00:06 Farm
00:08 Altar of Kings
00:45 Lumber Mill
01:22 Farm
01:33 Scout Tower
01:35 Scout Tower
02:02 Arcane Tower
02:02 Arcane Tower
02:03 Arcane Tower
02:06 Scout Tower
02:10 Scout Tower
02:19 Guard Tower
02:20 Guard Tower
02:20 Guard Tower
02:32 Guard Tower
02:34 Scout Tower
02:39 Scout Tower
02:40 Guard Tower
02:40 Guard Tower
02:40 Guard Tower
03:06 Scout Tower
03:06 Guard Tower
03:07 Guard Tower
03:09 Scout Tower
03:09 Guard Tower
03:25 Keep
03:25 Keep
03:34 Scout Tower
03:35 Guard Tower
03:36 Guard Tower
03:37 Scout Tower
04:10 Scout Tower
04:14 Scout Tower
04:14 Guard Tower
04:15 Guard Tower
04:21 Scout Tower
04:22 Scout Tower
04:38 Arcane Vault
04:39 Arcane Vault
04:47 Scout Tower
04:49 Scout Tower
04:50 Scout Tower
04:51 Guard Tower
04:51 Guard Tower
04:55 Scout Tower
04:57 Scout Tower
05:00 Scout Tower
05:18 Scout Tower
05:19 Scout Tower
05:20 Guard Tower
05:20 Guard Tower
05:21 Guard Tower
05:33 Scout Tower
05:41 Guard Tower
05:42 Guard Tower
05:46 Scout Tower
05:48 Scout Tower
05:51 Scout Tower
06:13 Castle
06:13 Castle
06:16 Farm
06:21 Scout Tower
06:22 Scout Tower
06:23 Guard Tower
06:23 Guard Tower
06:24 Guard Tower
06:27 Scout Tower
06:40 Scout Tower
07:06 Guard Tower
07:07 Guard Tower
07:07 Guard Tower
07:12 Guard Tower
07:12 Guard Tower
07:12 Guard Tower
07:21 Scout Tower
07:27 Scout Tower
07:37 Scout Tower
07:47 Scout Tower
08:20 Guard Tower
08:21 Guard Tower
08:24 Guard Tower
08:24 Guard Tower
08:25 Scout Tower
08:28 Scout Tower
08:28 Scout Tower
09:01 Guard Tower
09:18 Guard Tower
09:22 Scout Tower
09:24 Scout Tower
09:37 Farm
09:56 Guard Tower
10:56 Arcane Sanctum
11:30 Scout Tower
11:31 Scout Tower
11:32 Scout Tower
11:33 Scout Tower
11:40 Scout Tower
12:03 Guard Tower
12:55 Gryphon Aviary
12:56 Gryphon Aviary
13:01 Farm
14:58 Farm
14:59 Farm
15:03 Barracks
15:27 Scout Tower
15:28 Scout Tower
15:29 Scout Tower
15:29 Scout Tower
15:31 Scout Tower
15:32 Scout Tower
15:34 Scout Tower
15:34 Scout Tower
15:35 Scout Tower
15:36 Scout Tower
16:07 Blacksmith
16:29 Guard Tower
16:29 Guard Tower
16:30 Guard Tower
16:30 Guard Tower
19:51 Scout Tower
19:52 Scout Tower
19:53 Scout Tower
19:53 Scout Tower
20:26 Guard Tower
20:26 Guard Tower
20:29 Guard Tower
20:31 Scout Tower
20:33 Scout Tower
20:33 Scout Tower
20:34 Scout Tower
20:35 Scout Tower
20:36 Scout Tower
20:37 Scout Tower
20:38 Scout Tower
20:38 Scout Tower
20:40 Scout Tower
20:41 Scout Tower
20:43 Scout Tower
20:44 Scout Tower
21:24 Guard Tower
21:24 Guard Tower
21:24 Guard Tower
21:25 Guard Tower
21:26 Guard Tower
21:26 Guard Tower
21:27 Guard Tower
21:48 Guard Tower
21:48 Guard Tower
21:48 Guard Tower
22:05 Guard Tower
22:05 Guard Tower
22:05 Guard Tower
22:08 Guard Tower
22:11 Town Hall
22:20 Scout Tower
22:24 Scout Tower
23:13 Guard Tower
25:49 Scout Tower
25:49 Scout Tower
25:51 Scout Tower
25:51 Scout Tower
25:52 Scout Tower
25:53 Scout Tower
» items
| Healing Salve | 1 | |
| Scroll of Regeneration | 1 | |
| Staff of Sanctuary | 3 | |
| Orb of Lightning | 1 | |
6 total
dogsandhorse.ru (
blue | 101 APM | 2723 actions | 26:58)
5 Warden
2 Shadow Strike
3 Blink
» actions
| Assign group hotkey | 10 | |
| Basic commands | 8 | |
| Build / train | 59 | |
| Enter build submenu | 16 | |
| Enter hero's abilities submenu | 6 | |
| Give item / drop item | 5 | |
| Right click | 1889 | |
| Select / deselect | 295 | |
| Select group hotkey | 168 | |
| Use ability | 266 | |
2723 total
» units
» upgrades
| Ultravision | 1 | |
| Nature's Blessing | 1 | |
| Well Spring | 1 | |
| Strength of the Wild | 1 | |
| Abolish Magic | 1 | |
5 total
» buildings
| Altar of Elders | 1 | |
| Moon Well | 17 | |
| Tree of Ages | 1 | |
| Tree of Life | 1 | |
| Hunter's Hall | 1 | |
| Tree of Eternity | 1 | |
| Ancient of Wonders | 1 | |
| Ancient of Lore | 1 | |
24 total
» build order
00:31 Altar of Elders
00:35 Moon Well
00:38 Moon Well
02:21 Moon Well
07:02 Tree of Ages
07:18 Tree of Life
08:24 Hunter's Hall
09:26 Tree of Eternity
09:54 Moon Well
09:56 Moon Well
09:57 Moon Well
09:59 Moon Well
10:00 Moon Well
10:01 Moon Well
10:55 Ancient of Wonders
18:44 Moon Well
18:45 Moon Well
18:46 Moon Well
18:46 Moon Well
18:47 Moon Well
18:48 Moon Well
18:49 Moon Well
18:50 Moon Well
23:47 Ancient of Lore
» items
| Staff of Teleportation | 1 | |
| Boots of Speed | 1 | |
| Healing Salve | 4 | |
| Lesser Clarity Potion | 5 | |
| Orb of Venom | 1 | |
| Staff of Preservation | 1 | |
| Scroll of Town Portal | 1 | |
14 total
Chat log
(06:21 / All) dogsandhorse.ru: lol
(10:38 / All) dogsandhorse.ru: lol
(21:18 / All) dogsandhorse.ru: those stomps
(21:21 / All) dogsandhorse.ru: are the greatest
(24:49 / All) dogsandhorse.ru: gg
(24:54 / All) dogsandhorse.ru: owned
(24:57 / All) dogsandhorse.ru: clan towa #1
(24:58 / All) dogsandhorse.ru: usa #1
(25:02 / All) dogsandhorse.ru: http://highper.ch/
(25:04 / All) BandyWarhols: clan towa numero uno
(25:19 / All) BandyWarhols: quit now shit breadth
(26:47 / All) dogsandhorse.ru: LOL
(26:55 / All) dogsandhorse.ru: bye